 Dungeon Crawl Stone Soup version 0.29.1-1-gd02db6906a (webtiles) character file.

Game seed: 8334581712930826435

16 karrick the Covered (level 2, -1/19 HPs)
             Began as a Gargoyle Fighter on Sept 21, 2022.
             Shot with a sling bullet by a goblin (3 damage)
             ... on level 2 of the Dungeon.
             The game lasted 00:00:55 (726 turns).

karrick the Covered (Gargoyle Fighter)               Turns: 726, Time: 00:00:56

Health: -1/19      AC:  9    Str: 19    XL:     2   Next: 54%
Magic:  2/2        EV:  9    Int:  8    God:
Gold:   31         SH:  4    Dex:  9    Spells: 1/1 levels left

rFire   . . .      SeeInvis .   a - +0 flail
rCold   . . .      Faith    .   c - +0 buckler
rNeg    + . .      Spirit   .   b - +0 scale mail
rPois   ∞          Reflect  .   (no helmet)
rElec   +          Harm     .   (no cloak)
rCorr   .          Rampage  .   (no gloves)
Will    .....                   (no boots)
Stlth   ..........              (no amulet)
HPRegen 0.06/turn               (no ring)
MPRegen 0.08/turn               (no ring)

@: mighty
A: sickness immunity, AC +2, negative energy resistance 1, electricity
resistance, torment resistance 1, petrification resistance
a: no special abilities


You were on level 2 of the Dungeon.
You visited 1 branch of the dungeon, and saw 2 of its levels.

You collected 31 gold pieces.

Inventory:

Hand Weapons
 a - a +0 flail (weapon)
Armour
 b - a +0 scale mail (worn)
 c - a +0 buckler (worn)
Scrolls
 e - a scroll of summoning {unknown}
 g - a scroll of silence {unknown}
 i - a scroll of vulnerability {unknown}
 j - a scroll of magic mapping {unknown}
 k - a scroll of enchant weapon {unknown}
Potions
 f - a potion of degeneration {unknown}
 h - a potion of berserk rage {unknown}


   Skills:
 + Level 3.5 Fighting
 + Level 2.1 Maces & Flails
 + Level 3.6 Armour
 + Level 3.5 Shields


You had one spell level left.
You didn't know any spells.
Your spell library contained the following spells:

 Spells                   Type           Power      Damage    Failure   Level
 Beastly Appendage        Tmut           0%         N/A       86%         1
 Wereblood                Tmut           0%         N/A       94%         2
 Spider Form              Tmut/Pois      0%         N/A       99%         3


Dungeon Overview and Level Annotations

Branches:
Dungeon (2/15)

Altars:


Innate Abilities, Weirdness & Mutations

You are immune to sickness and miasma.
Your stone body is resilient. (AC +2)
You are immune to poison.
You resist negative energy. (rN+)
You are resistant to electric shocks. (rElec)
You are resistant to unholy torment.
You are immune to petrification.


Message History

A hobgoblin comes into view.
The giant cockroach bites you but does no damage.
The bat hits you but does no damage.
You hit the bat.
The bat is severely wounded.
The bat hits you but does no damage. You block the giant cockroach's attack.
The giant cockroach completely misses you.
A goblin comes into view. It is wielding a +0 club.
The bat hits you but does no damage.
You barely miss the bat.
The goblin shouts!
You hear an angry hiss.
You hear a shout!
The bat hits you but does no damage. x2
An adder comes into view.
The giant cockroach barely misses you. The bat hits you but does no damage.
The giant cockroach barely misses you.
The adder moves out of view.
You sock the bat!
You kill the bat!
The giant cockroach bites you but does no damage.
The endoplasm closely misses you.
You hit the endoplasm.
The endoplasm is heavily wounded.
You block the giant cockroach's attack. The endoplasm freezes you.
You are frozen.
* * * LOW HITPOINT WARNING * * *
You block the giant cockroach's attack.
You feel very mighty all of a sudden.
The giant cockroach bites you but does no damage.
The endoplasm closely misses you.
A hobgoblin comes into view.
You sock the endoplasm!
You kill the endoplasm!
You block the giant cockroach's attack.
The giant cockroach bites you but does no damage.
You see here a bat corpse.
You sock the giant cockroach!
You kill the giant cockroach!
The goblin unwields a +0 club.
The goblin wields a +0 sling.
The goblin shoots a sling bullet.
The sling bullet hits you.
You die...

###.....####
...........####
##.##....#....##
#.#..#..#..#..#
#.#.###...###.#
#.#..#..#..#..#
#.##...###....##
#.#...##
##....####
#......
#.....@†.#
###..#.
#..#..###.#
#.###...###.#


Kg# #..#..#..#.... g..# #...###..........# #### ###........# #.....g..#
#........# You could see a goblin.

Vanquished Creatures
  3 bats
  2 endoplasms (D:2)
  A giant cockroach (D:2)
  2 goblins (D:1)
  3 hobgoblins (D:1)
  A ball python (D:1)
  A frilled lizard (D:1)
  3 rats (D:1)
16 creatures vanquished.

Notes
Turn   | Place    | Note
-------+----------+-------------------------------------------
     0 | D:1      | karrick the Gargoyle Fighter began the quest for the Orb.
     0 | D:1      | Reached XP level 1. HP: 14/14 MP: 1/1
     9 | D:1      | Noticed a komodo dragon
     9 | D:1      | Noticed a hound
    10 | D:1      | Noticed a black mamba
    10 | D:1      | Noticed a scorpion
   134 | D:1      | Reached XP level 2. HP: 15/19 MP: 2/2
   366 | D:1      | Found a faded altar of an unknown god.
   726 | D:2      | Shot with a sling bullet by a goblin

Illustrated notes

Levels and vault maps discovered:
D:1:      onia_arrival_zoo_common, layout_rooms, basic_ecumenical_altar,
          serial_bayou_pond_e
D:2:      layout_basic, serial_glass, glass_columns_a, glass_columns_c,
          item_on_display_a, minmay_strange_pillars, item_on_display_a,
          feat_on_display

Action                   || total
-------------------------++-------
Melee: Flail             ||    51
  Use: Potion            ||     1
Armor: Scale mail        ||    30
Dodge: Dodged            ||    47
Block: Buckler           ||    16
